Map: [ESL] Gresvan

Players

Cure

  • Race: Terran Terran
  • League: Master
  • Spawn Location: 11:00

DPGDark (Dark) - Winner!

  • Race: Zerg Zerg
  • League: Master
  • Spawn Location: 5:00

VOD

Have the link to the VOD?

Description

Time

  • Played on: March 9, 2023, 10:15 p.m.
  • Length: 9:04
Show
View Real Time Build Order
Export as new Build Order

Cure Terran 

Build Orders: Reaper Expand, Hellion Banshee 

Get SALT Encoding   

  12  0:00  SCV  
  13  0:12  SCV  
  14  0:17  Supply Depot  
  14  0:24  SCV  
  15  0:39  SCV  
  15  0:41  Barracks  
  16  0:42  Refinery  
  16  0:51  SCV  
  17  1:03  SCV  
  18  1:15  SCV  
  19  1:27  Orbital Command  
  19  1:28  Reaper  
  20  1:38  Command Center  
  20  1:46  Supply Depot  
  20  1:53  SCV  
  21  2:00  Marine  
  22  2:05  SCV  
  23  2:10  Factory  
  23  2:17  SCV  
  25  2:23  Barracks Reactor  
  25  2:29  SCV  
  25  2:37  Command Center  
  25  2:41  SCV  
  26  2:50  Orbital Command  
  26  2:54  SCV  
  26  2:58  Starport  
  27  3:04  Refinery  
  27  3:06  SCV  
  27  3:10  Hellion  
  27  3:11  Hellion  
  32  3:13  Barracks Tech Lab  
  32  3:17  SCV  
  32  3:18  SCV  
  34  3:29  SCV  
  34  3:30  SCV  
  36  3:35  Hellion x2  
  40  3:41  Banshee, SCV  
  40  3:42  SCV, Marine  
  46  3:49  Orbital Command  
  46  3:53  SCV  
  46  3:54  SCV  
  48  3:56  Cloaking Field, Supply Depot  
  52  4:03  Hellion x2  
  52  4:05  Barracks Tech Lab  
  52  4:07  SCV  
  52  4:08  SCV  
  53  4:17  Orbital Command  
  53  4:19  SCV, Supply Depot  
  53  4:20  SCV  
  53  4:24  Banshee, Marine  
  55  4:26  Hellion x2  
  63  4:31  SCV  
  63  4:32  SCV  
  63  4:36  Supply Depot  
  65  4:41  Marine  
  65  4:45  SCV x3  
  69  4:46  Stimpack  
  69  4:54  Barracks  
  69  4:56  Factory Reactor, Barracks  
  69  4:57  SCV x3  
  69  4:59  Refinery, Marine  
  73  5:00  Refinery, Supply Depot  
  73  5:09  SCV x3  
  76  5:17  Marine  
  77  5:21  SCV x3  
  77  5:22  Barracks  
  77  5:23  Barracks  
  77  5:24  Starport Reactor  
  73  5:33  SCV x3  
  73  5:35  Marine  
  70  5:40  Engineering Bay  
  70  5:41  Engineering Bay  
  70  5:45  SCV x3  
  70  5:49  Marine x2  
  73  5:50  Siege Tank  
  73  5:53  Marine  
  73  5:56  Supply Depot  
  77  5:57  SCV x2  
  77  5:58  SCV  
  77  5:59  Supply Depot  
  77  6:02  Marine x2  
  82  6:07  Marine x2  
  82  6:09  SCV  
  82  6:10  Terran Infantry Weapons Level 1, Terran Infantry Armor Level 1  
  82  6:11  Barracks Tech Lab, Barracks Reactor  
  85  6:16  Supply Depot  
  85  6:17  Marine  
  85  6:18  SCV x2  
  88  6:21  SCV  
  89  6:30  Marine x5  
  89  6:31  Siege Tank  
  89  6:32  Medivac x2  
  101  6:34  SCV x3  
  101  6:37  Supply Depot x2  
  102  6:43  Marine  
  102  6:46  SCV x3  
  102  6:48  Marine x4  
  106  6:55  Marine x3, Combat Shield  
  106  6:56  Armory  
  106  6:58  Concussive Shells  
  106  6:59  Command Center  
  106  7:01  Marine  
  109  7:03  SCV x3  
  109  7:05  Refinery x2, Marine  
  111  7:09  Siege Tank  
  111  7:12  Medivac  
  111  7:15  SCV x3  
  118  7:17  Missile Turret x2  
  118  7:19  Supply Depot  
  118  7:21  Supply Depot  
  119  7:23  Marine x6  
  119  7:24  Marine  
  119  7:28  Armory  
  126  7:32  Marine, Medivac  
  129  7:37  Factory  
  129  7:39  SCV x3  
  129  7:41  Marine  
  129  7:42  Marine x2, Medivac  
  129  7:43  Marine x3  
  138  7:51  Marine x2  
  138  7:52  Siege Tank  
  138  7:55  Supply Depot  
  138  7:56  Supply Depot  
  143  7:59  Marine  
  143  8:00  Marine x4  
  148  8:09  Barracks  
  148  8:10  Barracks x2  
  148  8:12  SCV x3  
  151  8:20  Marine x4  
  151  8:24  Siege Tank  
  151  8:26  Factory Tech Lab  
  158  8:28  SCV x2  
  158  8:32  SCV  
  161  8:40  Supply Depot x2  
  159  8:45  Marine x4  
Show
View Real Time Build Order
Export as new Build Order

DPGDark Zerg - Winner!

Build Orders: Hatch First 

Get SALT Encoding   

  12  0:00  Drone  
  13  0:12  Overlord  
  13  0:16  Drone  
  14  0:31  Drone x2  
  16  0:48  Hatchery  
  15  0:52  Drone  
  15  0:55  Drone  
  17  0:57  Drone  
  18  1:09  Extractor  
  17  1:13  Spawning Pool  
  17  1:16  Drone  
  17  1:19  Drone  
  18  1:27  Drone  
  19  1:39  Drone  
  20  1:49  Drone  
  21  2:00  Queen x2  
  21  2:01  Zergling x4  
  27  2:10  Zergling x2  
  27  2:11  Overlord  
  28  2:21  Hatchery  
  27  2:24  Drone  
  28  2:30  Drone  
  29  2:37  Queen  
  31  2:45  Queen  
  31  2:47  Overlord  
  31  2:48  Drone  
  34  2:52  Drone  
  34  2:54  Drone  
  36  3:06  Drone x3  
  36  3:11  Drone  
  40  3:14  Queen  
  40  3:17  Drone x2  
  44  3:25  Roach Warren  
  44  3:27  Overlord  
  43  3:30  Drone  
  43  3:33  Drone x2  
  46  3:34  Drone  
  46  3:37  Drone  
  46  3:39  Drone  
  49  3:44  Drone  
  49  3:45  Drone x2  
  49  3:48  Drone  
  53  3:53  Drone  
  54  3:56  Overlord  
  54  3:57  Overlord  
  54  3:58  Overlord  
  54  4:00  Drone  
  54  4:01  Drone  
  56  4:12  Roach  
  56  4:16  Roach x4  
  66  4:20  Roach x3  
  66  4:22  Drone  
  66  4:23  Drone  
  74  4:31  Hatchery  
  74  4:33  Drone x2  
  74  4:36  Drone x2  
  74  4:38  Drone x2  
  79  4:43  Overlord  
  79  4:49  Lair  
  79  4:50  Spore Crawler  
  79  4:51  Spore Crawler, Drone  
  78  4:54  Drone x2  
  78  4:57  Extractor  
  78  4:58  Drone x2  
  78  4:59  Drone  
  82  5:01  Overlord  
  82  5:02  Drone  
  82  5:03  Drone  
  84  5:09  Spore Crawler  
  84  5:11  Drone x2  
  84  5:12  Drone  
  86  5:14  Roach x2  
  88  5:29  Drone x3  
  88  5:30  Drone x2  
  88  5:34  Ravager  
  88  5:37  Evolution Chamber, Drone x3  
  88  5:39  Evolution Chamber, Extractor, Drone x3  
  88  5:40  Extractor x2  
  88  5:41  Extractor, Drone x2  
  85  5:45  Glial Reconstitution  
  85  5:47  Drone x7  
  90  5:50  Drone  
  90  5:55  Drone x2  
  90  5:56  Overseer, Drone  
  94  6:00  Overlord  
  94  6:05  Spore Crawler  
  94  6:06  Drone x2, Zerg Missile Weapons Level 1  
  94  6:10  Drone  
  96  6:12  Extractor  
  96  6:14  Extractor  
  96  6:15  Overlord  
  96  6:17  Zerg Ground Armor Level 1  
  96  6:18  Overlord x2  
  94  6:25  Drone x3  
  94  6:27  Drone x3  
  94  6:29  Drone x7  
  96  6:42  Drone x2  
  96  6:43  Spore Crawler  
  96  6:44  Drone x3  
  99  6:51  Roach x6  
  108  6:55  Roach x2  
  108  6:59  Roach x5  
  121  7:05  Overlord  
  121  7:07  Overlord x2  
  121  7:09  Overlord  
  121  7:10  Roach x3  
  127  7:16  Overlord x3  
  127  7:20  Overlord  
  127  7:22  Overlord x2  
  127  7:26  Roach x2  
  127  7:27  Roach  
  127  7:28  Roach  
  135  7:32  Roach x2  
  135  7:33  Roach  
  135  7:34  Roach  
  135  7:35  Roach  
  145  7:38  Roach  
  145  7:39  Roach  
  145  7:41  Roach  
  151  7:45  Spawning Pool  
  148  7:54  Roach x2  
  148  7:55  Roach x3  
  148  7:56  Roach  
  160  8:01  Ravager x11  
  160  8:02  Ravager x2  
  173  8:06  Roach x3  
  173  8:11  Roach x3  
  187  8:12  Roach  
  187  8:17  Roach  
  187  8:18  Roach x3  
  195  8:21  Roach  
  197  8:36  Roach  
Tags
 
Add a new tag
Caveats
  • Supply blocks, unpowered buildings, or Contaminate may cause inaccurate times.
  • Supply counts are checked every 10 seconds.